 Dungeon Crawl Stone Soup version 0.30-b1-2-g02819fbbbe (webtiles) character file.

Game seed: 11372415895392155310

10 Alarkh the Trooper (level 2, 24/24 HPs)
             Began as a Demonspawn Chaos Knight on May 20, 2023.
             Was a Plaything of Xom.
             Got out of the dungeon alive.
             The game lasted 00:00:40 (410 turns).

Alarkh the Trooper (Demonspawn Chaos Knight)         Turns: 410, Time: 00:00:41

Health: 24/24      AC:  5    Str: 12    XL:     2   Next: 10%
Magic:  2/2        EV: 11    Int: 13    God:    Xom [..*...]
Gold:   26         SH:  4    Dex: 12    Spells: 1/1 levels left

rFire   . .          .
                       - Unarmed
rCold   . . .        (no shield)
rNeg    . . .        a - +2 leather armour
rPois   .            (no helmet)
rElec   .            (no cloak)
rCorr   .            (no gloves)
SInv    .            (no boots)
Will    .....        (no amulet)
Stlth   +            (no ring)
HPRegen 0.24/turn    (no ring)
MPRegen 0.08/turn

%: no passive effects
@: no status effects
A: condensation shield
a: Renounce Religion


You escaped.
You worshipped Xom.
You were a toy of Xom.
You visited 1 branch of the dungeon, and saw 1 of its levels.

You collected 26 gold pieces.

Inventory:

Armour
 a - a +2 leather armour (worn)
Scrolls
 r - a scroll of identify
Miscellaneous
 b - a piece from Xom's chessboard (10/15) (quivered)


   Skills:
 + Level 3.1 Fighting
 - Level 1.7 Armour
 - Level 0.8 Dodging
 * Level 3.1 Unarmed Combat
 + Level 0.1 Evocations


You had one spell level left.
You didn't know any spells.
Your spell library was empty.

Dungeon Overview and Level Annotations

Branches:
Dungeon (1/15)

Altars:


Innate Abilities, Weirdness & Mutations

A meltable shield of frost defends you. (SH +4)


Message History

The bat hits you but does no damage.
You make a move on Xom's chessboard...
The bat appears confused.
The bat flutters around in erratic circles.
You block the bat's attack.
You hit the bat.
The bat is moderately wounded.
The bat barely misses you. You block the bat's attack. The bat misses you.
The bat barely misses you.
The bat hits itself.
The bat closely misses you.
You barely miss the bat.
The bat is moderately wounded.
You hit the bat.
The bat is severely wounded.
The bat closely misses you.
You hit the bat.
You kill the bat!
No target in view!
No target in view!
No target in view!
No target in view!
No target in view!
No target in view!
No target in view!
No target in view!
No target in view!
No target in view!
No target in view!
No target in view!
No target in view!
Unknown command.
Things that are here:
a +0 whip; 2 stones; a kobold corpse You see here a rat corpse.
You see here a rat corpse.
You see here a potion of degeneration.
You see here a bat skeleton.
There is a staircase leading out of the dungeon here.
Are you sure you want to leave the Dungeon?
This will make you lose the game!
You have escaped!

......###.........#
......###...#.......##
....#.......#......#
...#.........#.))..#
..#.........#.....#
#.. #..........#.#####
#...#...........#.#
#...#....#......#.# ,
#...#..@.#......#.# *
#....#..#.......#.# ,
#....#....#.....#.#
#.....#..#......#.#
#......##.......#.#
#.......(.......#.#
#..............#..###
#..............#..#..
#.................#.#


There were no monsters in sight!

Vanquished Creatures
  An endoplasm (D:1)
  4 bats (D:1)
  A frilled lizard (D:1)
  2 kobolds (D:1)
  2 rats (D:1)
10 creatures vanquished.

Notes
Turn   | Place    | Note
-------+----------+-------------------------------------------
     0 | D:1      | Alarkh the Demonspawn Chaos Knight began the quest for the
                  | Orb.
     0 | D:1      | Reached XP level 1. HP: 18/18 MP: 1/1
    23 | D:1      | XOM: divination: magic mapping
   277 | D:1      | Gained mutation: A meltable shield of frost defends you.
                  | (SH +4) [demonic ancestry]
   277 | D:1      | Reached XP level 2. HP: 24/24 MP: 2/2
   410 | D:$      | Got out of the dungeon alive.

Illustrated notes

Levels and vault maps discovered:
D:1:      dpeg_arrival_solitude, layout_basic

Skill      XL: |  1 |
---------------+----+-----
Unarmed Combat | 3 |  3.1
Fighting       | |  3.1
Armour         | |  1.7
Dodging        | |  0.8
Evocations     | |  0.1

Action                     || total
---------------------------++-------
  Melee: Unarmed           ||    46
  Evoke: Piece from Xom's  ||     5
    Use: Scroll            ||     1
   Stab: Paralysed         ||     1
 Armour: Leather armour    ||    22
  Dodge: Dodged            ||    36
  Block: Other             ||     2
